 Dungeon Crawl Stone Soup version 0.20.1-1-g8b1a95d (console) character file.

20 Goblin1989 the Grave Robber (level 2, 0/19 HPs)
             Began as a Demonspawn Necromancer on July 6, 2017.
             Slain by a jackal (2 damage)
             ... on level 1 of the Dungeon.
             The game lasted 00:04:57 (1255 turns).

Goblin1989 the Grave Robber (DsNe)                  Turns: 1255, Time: 00:04:58

Health: 0/19       AC:  2    Str:  8    XL:     2   Next: 58%
Magic:  5/5        EV: 12    Int: 16    God:
Gold:   25         SH:  0    Dex: 13    Spells: 3/5 levels left

rFire    . . .     SeeInvis .   q - +0 hand axe
rCold    . . .     Gourm    .   (no shield)
rNeg     . . .     Faith    .   a - +0 robe
rPois    .         Spirit   .   (no helmet)
rElec    .         Reflect  .   (no cloak)
rCorr    .         Harm     .   (no gloves)
MR       .....                  (no boots)
Stlth    ++........             (no amulet)
Regen    0.1/turn               (no ring)
MPRegen  0.1/turn               (no ring)

@: no status effects
A: powered by pain 1
a: no special abilities


You were on level 1 of the Dungeon.
You were not hungry.

You visited 1 branch of the dungeon, and saw 1 of its levels.

You collected 25 gold pieces.

Inventory:

Hand Weapons
 j - a +0 mace
 q - a +0 hand axe (weapon)
Armour
 a - a +0 robe (worn)
Jewellery
 r - an uncursed ring of protection from fire {unknown}
Scrolls
 g - 2 scrolls of random uselessness {unknown}
 h - 2 scrolls of teleportation {unknown}
 k - 2 scrolls of identify {unknown}
 m - 3 scrolls of remove curse {unknown}
Potions
 i - a potion of curing {unknown}
 n - a potion of lignification {unknown}
 o - a potion of haste {unknown}
 p - a potion of degeneration {unknown}
Books
 b - a book of Necromancy

   Spells                             Type                      Level
   a - Pain                           Necromancy                   1
   b - Animate Skeleton               Necromancy                   1
   c - Vampiric Draining              Necromancy                   3
   d - Regeneration                   Charms/Necromancy            3
   e - Animate Dead                   Necromancy                   4
   f - Control Undead                 Necromancy                   4
Comestibles
 e - a bread ration {@e1}
 f - a fruit


   Skills:
 + Level 0.2 Fighting
 * Level 1.0 Axes
 + Level 2.0 Dodging
 - Level 1.7 Stealth
 + Level 2.3 Spellcasting
 - Level 4.5 Necromancy


You had 3 spell levels left.
You knew the following spells:

 Your Spells              Type           Power        Failure   Level  Hunger
a - Pain                  Necr           ###.         3%          1    #......
b - Animate Skeleton      Necr           N/A          3%          1    #......


Dungeon Overview and Level Annotations

Branches:
Dungeon (1/15)

Altars:


Innate Abilities, Weirdness & Mutations

You sometimes gain a little power by taking damage.


Message History

The bat closely misses you. The bat barely misses you.
You hit the bat.
The bat is heavily wounded.
The bat hits you but does no damage.
Your rat skeleton barely misses the frilled lizard.
The frilled lizard closely misses you. The jackal completely misses you.
The frilled lizard bites your rat skeleton.
You closely miss the jackal. The jackal barely misses you.
The frilled lizard barely misses your rat skeleton.
The jackal barely misses you.
You barely miss the jackal. The jackal barely misses you.
The frilled lizard bites your rat skeleton.
The jackal closely misses you.
You hit the jackal.
The jackal is moderately wounded.
The jackal closely misses you.
The frilled lizard bites your rat skeleton.
Your rat skeleton closely misses the frilled lizard.
You closely miss the jackal.
The jackal is moderately wounded.
The jackal closely misses you.
The frilled lizard bites your rat skeleton.
Your rat skeleton is destroyed!
The jackal barely misses you.
You closely miss the jackal.
The jackal is moderately wounded.
You closely miss the frilled lizard. The jackal barely misses you.
The jackal bites you. The frilled lizard bites you.
You take 2 damage, and have 16/19 hp.
You hit the jackal.
The jackal is heavily wounded.
You completely miss the frilled lizard. The jackal bites you.
The frilled lizard closely misses you. The jackal closely misses you.
You take 3 damage, and have 13/19 hp.
You hit the jackal.
The jackal is severely wounded.
You closely miss the frilled lizard. The jackal barely misses you.
The frilled lizard bites you.
You take 1 damage, and have 12/19 hp.
You closely miss the jackal.
The jackal is severely wounded.
You miss the frilled lizard.
The jackal bites you but does no damage.
The frilled lizard bites you but does no damage.
The jackal misses you. The frilled lizard barely misses you.
MP restored: 5 Unknown command.
You barely miss the jackal.
The jackal is severely wounded.
You closely miss the frilled lizard. The jackal closely misses you. x2
The frilled lizard barely misses you.
You hit the jackal.
You kill the jackal!
You barely miss the frilled lizard. The bat barely misses you.
The bat closely misses you. The frilled lizard barely misses you.
You hit the bat.
The bat is severely wounded.
You barely miss the frilled lizard. The bat hits you. The bat misses you.
The frilled lizard closely misses you. The jackal barely misses you.
You take 1 damage, and have 11/19 hp.
You barely miss the jackal. You closely miss the frilled lizard.
The frilled lizard closely misses you. The jackal completely misses you.
The frilled lizard bites you but does no damage.
You closely miss the jackal. You miss the frilled lizard.
The jackal closely misses you. The jackal bites you.
The frilled lizard bites you but does no damage.
You take 1 damage, and have 10/19 hp.
You barely miss the jackal. You miss the frilled lizard.
The jackal bites you but does no damage.
The frilled lizard barely misses you. The jackal completely misses you.
You barely miss the jackal. You barely miss the frilled lizard.
The jackal bites you.
* * * LOW HITPOINT WARNING * * *
The frilled lizard bites you.
* * * LOW HITPOINT WARNING * * *
You take 4 damage, and have 6/19 hp.
MASSIVE DAMAGE!!
Unknown command.
You barely miss the jackal. You hit the frilled lizard.
You kill the frilled lizard!
The jackal barely misses you.
The jackal bites you but does no damage.
You closely miss the jackal. The jackal closely misses you.
The jackal misses you.
You hit the jackal but do no damage. The jackal bites you.
* * * LOW HITPOINT WARNING * * *
The jackal barely misses you.
You take 1 damage, and have 6/19 hp.
You barely miss the jackal. The jackal closely misses you.
Unknown command.
Unknown command.
You hit the jackal but do no damage. The jackal bites you.
* * * LOW HITPOINT WARNING * * *
The jackal bites you.
* * * LOW HITPOINT WARNING * * *
You take 4 damage, and have 2/19 hp.
MASSIVE DAMAGE!!
You hit the jackal but do no damage. The jackal barely misses you.
The jackal bites you.
You die...

█████.█
██████.█.██.███. █.█
................
█.█████████.█.█.███..
█.█ ..l.█.█......█
█.█ █...█.█........ .
█.█.█████%█h█.███....
.█
..█........h.........
█
█████████.███.█████..
█.†@hb█ █


███████ You could see a jackal and a bat.

Vanquished Creatures
  A dart slug (D:1)
  A leopard gecko (D:1)
  A bat (D:1)
  3 giant cockroaches (D:1)
  3 goblins (D:1)
  A hobgoblin (D:1)
  A jackal (D:1)
  2 frilled lizards (D:1)
  A kobold (D:1)
  A rat (D:1)
15 creatures vanquished.

Notes
Turn   | Place    | Note
-------+----------+-------------------------------------------
     0 | D:1      | Goblin1989 the Demonspawn Necromancer began the quest for the Orb.
     0 | D:1      | Reached XP level 1. HP: 13/13 MP: 3/3
   325 | D:1      | Learned a level 1 spell: Animate Skeleton
   493 | D:1      | Gained mutation: You sometimes gain a little power by taking damage. [demonic ancestry]
   493 | D:1      | Reached XP level 2. HP: 12/19 MP: 1/5
  1093 | D:1      | Reached skill level 1 in Axes
  1255 | D:1      | Slain by a jackal

Skill      XL: |  1  2 |
---------------+-------+-----
Dodging        | 2 |  2.0
Axes           | 1 |  1.0
Fighting       | |  0.2
Stealth        | |  1.7
Spellcasting   | |  2.3
Necromancy     | |  4.5

Action                   || total
-------------------------++-------
Melee: Hand axe          ||    48
       Unarmed           ||     2
 Cast: Pain              ||    20
       Animate Skeleton  ||     3
 Stab: Sleeping          ||     2
  Eat: Chunk             ||     1
Armor: Robe              ||    24
Dodge: Dodged            ||    65

Vault maps used:
D:1:      dpeg_arrival_pits
